 Dungeon Sprint DCSS version 0.23.0-38-g208d714 (webtiles) character file.

Game seed: 14445038811361282470

7382 Fang the Fighter (level 11, 0/120 HPs)
             Began as a Gargoyle Berserker on Feb 27, 2019.
             Was a High Priest of Trog.
             Slain by a minotaur (3 damage)
             ... in the Dungeon (Sprint VII: "The Pits").
             The game lasted 00:02:44 (1258 turns).

Fang the Fighter (Gargoyle Berserker)               Turns: 1258, Time: 00:02:44

Health: 0/120      AC: 30    Str: 29    XL:     11   Next: 14%
Magic:  3/3        EV: 16    Int:  8    God:    Trog [*****.]
Gold:   0          SH:  0    Dex:  9    Spells: 10/10 levels left

rFire    . . .     SeeInvis .   o - +5 executioner's axe (antimagic)
rCold    . . .     Gourm    .   (shield currently unavailable)
rNeg     + . .     Faith    .   t - +3 plate armour
rPois    ∞         Spirit   .   (no helmet)
rElec    +         Reflect  .   (no cloak)
rCorr    .         Harm     .   (no gloves)
MR       .....     NoTele   +   (no boots)
Stlth    ..........             (no amulet)
HPRegen  0.30/turn              j - +3 ring of protection
MPRegen  0.08/turn              q - +3 ring of evasion

@: berserking, very quick
A: negative energy resistance 1, electricity resistance, unbreathing,
petrification resistance, rot immunity, AC +8
a: Berserk, Trog's Hand, Brothers in Arms, Renounce Religion


You were in the Dungeon.
You worshipped Trog.
Trog was extremely pleased with you.
You were very hungry.

You visited 1 branch

Inventory:

Hand Weapons
 k - a +2 hand axe of electrocution
 n - a +0 hand axe of chopping
 o - a +5 antimagic executioner's axe (weapon)
 s - a +2 war axe of freezing
 u - a +3 battleaxe of chopping
Armour
 t - a +3 plate armour (worn)
Jewellery
 j - a +3 ring of protection (left hand)
 q - a +3 ring of evasion (right hand)
Scrolls
 i - a scroll of blinking
 l - 3 scrolls of remove curse
 m - a scroll of summoning
Potions
 a - 2 potions of invisibility
 d - 7 potions of curing
 e - 11 potions of heal wounds
 f - a potion of haste
 g - 4 potions of magic
 h - 4 potions of berserk rage
 p - 2 potions of brilliance
 r - a potion of agility
Comestibles
 b - 8 chunks of flesh
 c - 8 rations


   Skills:
 + Level 14.4 Fighting
 + Level 12.4 Axes
 + Level 14.2 Armour
 + Level 11.4 Dodging


You had 10 spell levels left.
You didn't know any spells.
Your spell library was empty.

Dungeon Overview and Level Annotations

Branches:
Dungeon (1/1)

Altars:


Innate Abilities, Weirdness & Mutations

You are resistant to torment.
Your stone body is resilient. (AC +8)
You are immune to poison.
You resist negative energy. (rN+)
You are resistant to electric shocks. (rElec)
You can survive without breathing.
You are immune to petrification.
You are immune to rotting.


Message History

a wolf spider corpse; a human corpse You close the door, pushing everything out of the way.
You start resting.
A minotaur opens the door.
A red film seems to cover your vision as you go berserk!
You feel yourself moving faster!
You feel mighty!
You are feeling very hungry.
The minotaur throws a javelin.
The javelin hits you!!
* * * LOW HITPOINT WARNING * * *
Some of the chunks of flesh in your inventory have rotted away.
You feel a strong urge to attack something.
The minotaur hits you.
* * * LOW HITPOINT WARNING * * *
The minotaur gores you.
* * * LOW HITPOINT WARNING * * *
There is an open door, spattered with blood here.
You slice the minotaur!!
The minotaur is moderately wounded.
The minotaur hits you.
You die...

.....#..#......#
...............+
...............+
.....#..#......#
...............#
##'#####''######
......##)'# ########
......##)[# ##.)H)(.#
......##..# #).#@#.†..(H...
..<...##..##..##(##.....#.[
......##..##.##.).##...##
......##..####.....##.##
......##...##......#...#
########(...)(.....'...+
########...##......#...#
.#..[[##..####.....##.##
.#..[[##..# ##...## ..#


You could see a minotaur.

Vanquished Creatures
  A nagaraja (D)
  A rakshasa (D)
  A lindwurm (D)
  A phantasmal warrior (D)
  An orc knight (D)
  A cyclops (D)
  An orange demon (D)
  A rime drake (D)
  A hellwing (D)
  A tarantella (D)
  A fire bat (D)
  A hungry ghost (D)
  A floating eye (D)
  A porcupine (D)
  Duvessa (D)
  A sky beast (D)
  10 wolves (D)
  A scorpion (D)
  Dowan (D)
  5 killer bees (D)
  A wight (D)
  An iron imp (D)
  An orc wizard (D)
  A quasit (D)
  A jelly (D)
  2 adders (D)
  An ooze (D)
  A worm (D)
  3 orcs (D)
  A giant cockroach (D)
  2 goblins (D)
  A hobgoblin (D)
  A quokka (D)
  A frilled lizard (D)
  A kobold (D)
  A rat (D)
53 creatures vanquished.

Vanquished Creatures (collateral kills)
  Pikel (D)
  A wolf spider (D)
  A demonic crawler (D)
  A hornet (D)
  2 slaves (D)
  A sky beast (D)
  Ijyb (D)
8 creatures vanquished.

Vanquished Creatures (others)
  2 slaves (D)
  A wolf (D)
  An adder (D)
4 creatures vanquished.

Grand Total: 65 creatures vanquished

Notes
Turn   | Place    | Note
-------+----------+-------------------------------------------
     0 | D        | Fang the Gargoyle Berserker began the quest for the Orb.
     0 | D        | Reached XP level 1. HP: 14/14 MP: 1/1
   137 | D        | Noticed a floating eye
   139 | D        | Killed a floating eye
   139 | D        | Reached ** piety under Trog
   139 | D        | Reached skill level 5 in Fighting
   139 | D        | Reached skill level 5 in Armour
   139 | D        | Reached XP level 2. HP: 19/22 MP: 2/2
   139 | D        | Reached XP level 3. HP: 24/27 MP: 3/3
   139 | D        | Reached XP level 4. HP: 28/32 MP: 4/4
   182 | D        | Reached skill level 5 in Axes
   192 | D        | Reached *** piety under Trog
   194 | D        | Reached XP level 5. HP: 36/36 MP: 5/5
   256 | D        | Noticed Duvessa
   256 | D        | Noticed Dowan
   256 | D        | Noticed a hungry ghost
   269 | D        | Killed Dowan
   269 | D        | Reached **** piety under Trog
   274 | D        | Killed a hungry ghost
   274 | D        | Reached skill level 5 in Dodging
   274 | D        | Reached XP level 6. HP: 44/44 MP: 6/6
   282 | D        | Killed Duvessa
   286 | D        | Paralysed by fainting for 11 turns
   306 | D        | Reached ***** piety under Trog
   306 | D        | Reached XP level 7. HP: 20/50 MP: 7/7
   308 | D        | Paralysed by fainting for 10 turns
   545 | D        | Noticed an orange demon
   553 | D        | Killed an orange demon
   553 | D        | Reached skill level 10 in Fighting
   553 | D        | Reached XP level 8. HP: 44/57 MP: 8/8
   630 | D        | Received a gift from Trog
   635 | D        | Reached skill level 10 in Armour
   639 | D        | Noticed a phantasmal warrior
   639 | D        | Noticed a rime drake
   649 | D        | Killed a rime drake
   655 | D        | Killed a phantasmal warrior
   655 | D        | Reached XP level 9. HP: 56/64 MP: 9/9
   876 | D        | Noticed an orc knight
   885 | D        | Received a gift from Trog
   889 | D        | Reached ****** piety under Trog
   898 | D        | Killed an orc knight
   898 | D        | Reached skill level 10 in Axes
  1000 | D        | Noticed a cyclops
  1000 | D        | Noticed a lindwurm
  1000 | D        | Noticed a rakshasa
  1012 | D        | Killed a rakshasa
  1012 | D        | Reached XP level 10. HP: 71/72 MP: 3/10
  1021 | D        | Received a gift from Trog
  1021 | D        | Reached skill level 10 in Dodging
  1041 | D        | Killed a lindwurm
  1048 | D        | Killed a cyclops
  1139 | D        | Noticed a nagaraja
  1144 | D        | Received a gift from Trog
  1158 | D        | Killed a nagaraja
  1158 | D        | Reached XP level 11. HP: 11/80 MP: 3/11
  1158 | D        | Noticed Ijyb
  1162 | D        | Noticed Pikel
  1171 | D        | Received a gift from Trog
  1175 | D        | Killed Ijyb
  1177 | D        | Killed Pikel
  1226 | D        | Noticed a wolf spider
  1239 | D        | Killed a wolf spider
  1244 | D        | Noticed a minotaur
  1257 | D        | HP: 2/120 [minotaur (5)]
  1258 | D        | Slain by a minotaur

Skill      XL: |  1  2  3  4  5  6  7  8  9 10 11 |
---------------+----------------------------------+-----
Fighting       | 5 6 7 8 10 11 12 14 | 14.4
Axes           | 4 5 6 7 8 9 10 12 | 12.4
Armour         | 5 7 8 9 11 12 13 14 | 14.2
Dodging        | 4 5 6 7 8 9 11 | 11.4

Action                   |  1- 3 |  4- 6 |  7- 9 | 10-12 || total
-------------------------+-------+-------+-------+-------++-------
Melee: Hand axe          |     9 |    40 |    45 |       ||    94
       War axe           |       |       |    21 |       ||    21
       Executioner's axe |       |       |    12 |    62 ||    74
Invok: Berserk           |       |     1 |     2 |     2 ||     5
       Brothers in Arms  |       |       |       |     3 ||     3
  Use: Potion            |       |       |       |     1 ||     1
  Eat: Chunk             |       |       |     3 |     3 ||     6
       Ration            |       |       |     1 |       ||     1
Armor: Animal skin       |       |     2 |       |       ||     2
       Chain mail        |       |    20 |    31 |       ||    51
       Plate armour      |       |       |    18 |    82 ||   100
Dodge: Dodged            |     5 |    20 |    45 |   101 ||   171
